 Dungeon Crawl Stone Soup version 0.19.0-11-g3fc08b3 (webtiles) character file.

53 spe3d0 the Covered (level 3, -2/23 HPs)
             Began as a Gargoyle Fighter on Nov 9, 2016.
             Slain by a gnoll (4 damage)
             ... on level 2 of the Dungeon.
             The game lasted 00:01:37 (621 turns).

spe3d0 the Covered (Gargoyle Fighter)                Turns: 621, Time: 00:01:38

Health: -2/23      AC: 11    Str: 24    XL:     3   Next: 89%
Magic:  3/3        EV:  7    Int:  8    God:
Gold:   40         SH:  9    Dex: 10    Spells: 0 memorised, 2 levels left

rFire  . . .     SeeInvis .     a - +0 flail
rCold  . . .     Gourm    .     b - +0 scale mail
rNeg   + . .     Faith    .     c - +0 shield
rPois  ∞         Spirit   .     (no helmet)
rElec  +         Reflect  .     (no cloak)
rCorr  .         Harm     .     m - +0 pair of gloves
MR     .....                    (no boots)
Stlth  ..........               (no amulet)
                                (no ring)
                                (no ring)

@: mighty
A: negative energy resistance 1, electricity resistance, unbreathing,
petrification resistance, rot immunity, AC +3
a: no special abilities


You were on level 2 of the Dungeon.
You were not hungry.

You visited 1 branch of the dungeon, and saw 2 of its levels.

You collected 40 gold pieces.


Innate Abilities, Weirdness & Mutations

You are resistant to torment.
Your stone body is resilient. (AC +3)
You are immune to poison.
You resist negative energy. (rN+)
You are resistant to electric shocks. (rElec)
You can survive without breathing.
You are immune to petrification.
You are immune to rotting.


   Skills:
 - Level 3.2 Fighting
 * Level 2.9 Maces & Flails
 * Level 4.0 Armour
 * Level 3.9 Shields


You had 2 spell levels left.
You didn't know any spells.

Inventory:

Hand Weapons
 a - a +0 flail (weapon)
Armour
 b - a +0 scale mail (worn)
 c - a +0 shield (worn)
 m - a +0 pair of gloves (worn)
Scrolls
 e - a scroll of immolation {unknown}
 h - a scroll of random uselessness {unknown}
 i - a scroll of blinking {unknown}
 l - a scroll of teleportation {unknown}
Potions
 d - a potion of might
 k - a potion of ambrosia {unknown}
Comestibles
 f - 2 bread rations {@e1}
 g - 3 chunks of flesh
 j - a meat ration {@e1}

Dungeon Overview and Level Annotations

Branches:
Dungeon (2/15)

Altars:

#. #.# #.# #.# #
##.#######.#
##.......... #....†#.?.#
############....#...#.#
...##.........#.@g....#
.#.......##..####rg..##
.>.##.##.##..... .g..#
##.......##.######.....[
#.#........# ...###
##.#..##.#..# ...#
...#........# ..#
...#..#..#..# ...
...#..#.. ..


You could see 3 gnolls and a rat.


Message History

Your Armour skill increases to level 4!
The gnoll hits you but does no damage.
The gnoll hits you from afar with a halberd!
The gnoll barely misses you.
The gnoll hits you from afar with a spear.
You block the gnoll's attack.
You feel very mighty all of a sudden. The rat barely misses you.
You block the gnoll's attack.
The gnoll hits you from afar with a spear.
* * * LOW HITPOINT WARNING * * *
You closely miss the gnoll. The gnoll hits you but does no damage.
The rat closely misses you. The gnoll hits you but does no damage.
The gnoll hits you from afar with a spear.
* * * LOW HITPOINT WARNING * * *
You block the rat's attack. The gnoll hits you but does no damage.
You closely miss the gnoll. The gnoll hits you but does no damage.
The gnoll hits you from afar with a spear.
* * * LOW HITPOINT WARNING * * *
You block the rat's attack. You block the gnoll's attack.
The gnoll barely misses you.
You thump the gnoll!
The gnoll is severely wounded.
The gnoll hits you from afar with a spear.
* * * LOW HITPOINT WARNING * * *
You block the rat's attack.
The gnoll hits you but does no damage. x2
You block the gnoll's attack.
You hit the gnoll.
The gnoll is almost dead.
The rat closely misses you. The gnoll hits you.
You die...

Skill      XL: |  1  2  3 |
---------------+----------+-----
Armour         | 4 |  4.0
Fighting       | |  3.2
Maces & Flails | |  2.9
Shields        | |  3.9

Action                   || total
-------------------------++-------
Melee: Flail             ||    81
  Use: Potion            ||     1
Armor: Scale mail        ||    61
Dodge: Dodged            ||    28
Block: Shield            ||    50

Vault maps used:
D:1:      erik_arrival_gehennom, minmay_misc_feat_tiny
D:2:      xom_teletrap_fun

Notes
Turn   | Place    | Note
-------+----------+-------------------------------------------
     0 | D:1      | spe3d0 the Gargoyle Fighter began the quest for the Orb.
     0 | D:1      | Reached XP level 1. HP: 14/14 MP: 1/1
    99 | D:1      | Reached XP level 2. HP: 16/19 MP: 2/2
   422 | D:1      | Reached XP level 3. HP: 23/23 MP: 3/3
   616 | D:2      | Reached skill level 4 in Armour
   620 | D:2      | HP: 2/23 [gnoll/spear (2)]
   621 | D:2      | Slain by a gnoll

Vanquished Creatures
  A gnoll (D:2)
  An adder (D:2)
  2 oozes (D:1)
  2 dart slugs (D:1)
  A leopard gecko (D:1)
  2 bats
  2 goblins (D:1)
  2 hobgoblins
  3 jackals (D:1)
  2 kobolds (D:1)
  A frilled lizard (D:1)
  2 rats (D:1)
21 creatures vanquished.
